 Dungeon Crawl Stone Soup version 0.28.0-53-g5a82cb258f (webtiles) character file.

Game seed: 5993276918416928973

571 CryoSword the Chiller (level 6, -2/52 HPs)
             Began as a Demigod Ice Elementalist on May 28, 2022.
             Slain by Menkaure (11 damage)
             ... on level 4 of the Dungeon on May 30, 2022.
             The game lasted 00:09:27 (4717 turns).

CryoSword the Chiller (Demigod Ice Elementalist)    Turns: 4717, Time: 00:09:28

Health: -2/52      AC:  9    Str:  9    XL:     6   Next: 86%
Magic:  5/11       EV: 11    Int: 25    God:
Gold:   38         SH:  0    Dex: 14    Spells: 2/9 levels left

rFire   . . .      SeeInvis .   h - +0 mace
rCold   + . .      Faith    .   (no shield)
rNeg    . . .      Spirit   .   k - +0 leather armour
rPois   .          Reflect  .   (no helmet)
rElec   .          Harm     .   c - +0 cloak
rCorr   .          Rampage  .   (no gloves)
Will    .....                   (no boots)
Stlth   ++........              a - amulet of the acrobat
HPRegen 0.17/turn               o - ring of protection from cold
MPRegen 0.12/turn               (no ring)

@: ice-armoured, freezing walls
A: high MP 1, forlorn, divine attributes
a: no special abilities


You were on level 4 of the Dungeon.
You visited 1 branch of the dungeon, and saw 4 of its levels.

You collected 158 gold pieces.
You spent 120 gold pieces at shops.

Inventory:

Hand Weapons
 h - a +0 mace (weapon)
   (You found it on level 3 of the Dungeon)
Missiles
 l - 3 boomerangs
 n - 2 throwing nets
Armour
 c - a +0 cloak (worn)
   (You found it on level 3 of the Dungeon)
 k - a +0 leather armour (worn)
   (You took it off an orc on level 3 of the Dungeon)
Jewellery
 a - an amulet of the acrobat (around neck)
   (You bought it in a shop on level 2 of the Dungeon)
 o - a ring of protection from cold (left hand)
   (You found it on level 4 of the Dungeon)
Wands
 j - a wand of mindburst (7) (quivered)
   (You took it off a hobgoblin on level 3 of the Dungeon)
 m - a wand of paralysis (3)
   (You found it on level 3 of the Dungeon)
Scrolls
 b - 2 scrolls of fog {unknown}
 d - a scroll of amnesia {unknown}
 e - 2 scrolls of silence {unknown}
 f - a scroll of noise {unknown}
 i - a scroll of identify {unknown}
 p - a scroll of blinking {unknown}
 q - a scroll of magic mapping {unknown}
 r - a scroll of vulnerability {unknown}


   Skills:
 + Level 3.7 Fighting
 * Level 3.9 Maces & Flails
 + Level 1.7 Dodging
 + Level 1.7 Stealth
 - Level 2.0 Spellcasting
 + Level 5.2 Ice Magic


You had 2 spell levels left.
You knew the following spells:

 Your Spells              Type           Power      Damage    Failure   Level
a - Freeze                Ice            100%       1d11      1%          1
b - Frozen Ramparts       Ice            56%        1d7       5%          3
c - Ozocubu's Armour      Ice            28%        N/A       5%          3

Your spell library contained the following spells:

 Spells                   Type           Power      Damage    Failure   Level
 Hailstorm                Conj/Ice       15%        3d5       47%         4


Dungeon Overview and Level Annotations

Branches:
Dungeon (4/15)             Temple (0/1) D:4

Shops:
D:2 *

Annotations:
D:3 exclusion: upstairs
D:4 Menkaure


Innate Abilities, Weirdness & Mutations

You have an increased reservoir of magic. (+10% MP)
You shall have no god before yourself.
Your divine heritage dramatically boosts your attributes as you level up.


Message History

The wall freezes the phantom but does no damage.
The phantom hits you.
The phantom blinks!
You blink.
The frozen ramparts melt away as you move.
You hit the phantom. The phantom hits you.
The phantom blinks!
You blink.
You hit the phantom. The phantom hits you.
The phantom hits you but does no damage.
You closely miss the phantom. Your punch misses the phantom.
The phantom hits you! A film of ice covers your body!
The phantom hits you but does no damage.
You hit the phantom. The phantom hits you.
The phantom blinks!
You blink.
Your icy armour cracks and falls away as you move.
You barely miss the phantom. The phantom closely misses you. x2
You hit the phantom. The phantom hits you.
You hit the phantom. The phantom closely misses you.
You hit the phantom. The phantom hits you.
The phantom blinks!
You blink.
Aim: a phantom (heavily damaged)
You freeze the phantom but do no damage.
The phantom completely resists.
The phantom hits you.
* * * LOW HITPOINT WARNING * * *
You hit the phantom. The phantom misses you.
You miscast Ozocubu's Armour.
You are very lightly contaminated with residual magic.
Nothing appears to happen.
The phantom hits you.
* * * LOW HITPOINT WARNING * * *
You barely miss the phantom. The phantom hits you.
* * * LOW HITPOINT WARNING * * *
The phantom hits you!
* * * LOW HITPOINT WARNING * * *
It was a potion of lignification.
You turn into a tree.
Your +0 cloak melds into your body.
Your +0 robe melds into your body.
Your roots penetrate the ground.
The phantom hits you but does no damage.
You hit the phantom.
The phantom hits you but does no damage.
You hit the phantom.
The phantom hits you but does no damage.
You closely miss the phantom.
The phantom hits you but does no damage.
Aim: a phantom (severely damaged)
Okay, then.
A film of ice covers your body! The phantom hits you.
* * * LOW HITPOINT WARNING * * *
You barely miss the phantom.
The phantom hits you but does no damage. x2
Your magical contamination has completely faded away.
You hit the phantom.
The phantom hits you but does no damage.
You hit the phantom but do no damage.
The phantom hits you but does no damage.
You hit the phantom.
The phantom hits you but does no damage.
You closely miss the phantom. The phantom hits you.
* * * LOW HITPOINT WARNING * * *
The phantom hits you.
* * * LOW HITPOINT WARNING * * *
You hit the phantom.
You destroy the phantom!
You start resting.
Your transformation is almost over.
You feel less wooden.
Your +0 cloak unmelds from your body.
Your +0 robe unmelds from your body.
You start resting.
Your icy armour starts to melt.
You start resting.
Your icy armour evaporates.
You start resting.
You start resting.
You start removing your armour.
You continue taking off your +0 robe. x4
You finish taking off your +0 robe.
You start putting on your armour.
You continue putting on your +0 leather armour. x5
You finish putting on your +0 leather armour.
You drop a +0 robe.
There is an entrance to Cisuta's Assorted Antiques here.
a - an amulet of the acrobat Thank you for shopping at Cisuta's Assorted Antiques!
Okay, then.
You start putting on your amulet.
You continue putting on your amulet of the acrobat. x5
You finish putting on your amulet of the acrobat.
You feel ready to tumble and roll out of harm's way.
a - an amulet of the acrobat (around neck)
Your movement speed is average.
Your attack delay is about 1.2.
Setting a skill training target for Maces & Flails at 14.0.
Saving game... please wait.
Welcome back, CryoSword the Demigod Ice Elementalist.
Welcome back, CryoSword the Demigod Ice Elementalist.
Okay, then.
Done exploring.
Done exploring.
Done exploring.
There is a stone staircase leading down here.
You climb downwards.
Level annotation: exclusion: upstairs
There is a stone staircase leading up here.
(D) Dungeon
Where to? (Enter - D:2 @ (x,y), ? - help)
What level of the Dungeon? (default 1, ? - help)
What level of the Dungeon? (default 4, ? - help)
There is a stone staircase leading down here.
You climb downwards.
There is a stone staircase leading up here.
Found a staircase to the Ecumenical Temple.
You enter the shallow water.
Moving in this stuff is going to be slow.
Menkaure, Prince of Dust comes into view.
Menkaure calls on the powers of darkness!
Your body is wracked with pain!
Menkaure mumbles some strange words.
Menkaure seems to speed up.
Unknown command.
Menkaure calls on the powers of darkness!
Your body is wracked with pain!
* * * LOW HITPOINT WARNING * * *
You enter the shallow water.
Moving in this stuff is going to be slow.
Menkaure calls on the powers of darkness!
Your body is wracked with pain!
* * * LOW HITPOINT WARNING * * *
Menkaure gestures at you while chanting.
You struggle to resist.
There is a stone staircase leading up here.
You climb upwards.
Level annotation: exclusion: upstairs
There is a stone staircase leading down here.
You start resting.
You climb downwards.
Level annotation: Menkaure Menkaure casts a spell.
Menkaure seems to speed up.
There is a stone staircase leading up here.
The walls around you are covered in ice.
Menkaure calls on the powers of darkness!
Your body is wracked with pain!
A film of ice covers your body!
Menkaure resists.
The wall freezes Menkaure.
Aim: Menkaure (lightly damaged, fast)
Okay, then.
You hit Menkaure but do no damage.
Menkaure resists.
The wall freezes Menkaure.
Menkaure hits you!!
* * * LOW HITPOINT WARNING * * *
You hit Menkaure but do no damage.
Menkaure resists.
The wall freezes Menkaure.
Menkaure misses you.
You hit Menkaure.
Menkaure resists.
The wall freezes Menkaure.
Menkaure hits you!
You die...

#.........#
#.#####.### #####..##
#..≈§§..# #.≈≈M§≈.#
#≈≈§≈≈≈§# #.##########
#§§≈>≈≈≈#
#..........###§§§≈§≈≈#
######<.@M.....≈§§≈≈.#
#####.##...≈§≈..#
#.##........#
#.########### #.# ###


You could see Menkaure (fast).

Vanquished Creatures
  Sigmund (D:4)
  An ogre (D:3)
  A phantom (D:2)
  A hound (D:4)
  2 orc priests (D:3)
  Terence (D:2)
  4 adders
  2 worms
  4 dart slugs
  11 orcs (D:3)
  5 endoplasms
  7 goblins
  6 hobgoblins
  6 jackals (D:1)
  4 kobolds
  6 quokkas
  6 ball pythons
  A bat (D:2)
  3 frilled lizards
72 creatures vanquished.

Notes
Turn   | Place    | Note
-------+----------+-------------------------------------------
     0 | D:1      | CryoSword the Demigod Ice Elementalist began the quest for
                  | the Orb.
     0 | D:1      | Reached XP level 1. HP: 14/14 MP: 5/5
   257 | D:1      | Reached skill level 1 in Fighting
   314 | D:1      | Reached XP level 2. HP: 21/23 MP: 2/7
   558 | D:1      | Reached skill level 4 in Ice Magic
  1269 | D:2      | Reached XP level 3. HP: 20/29 MP: 3/8
  1273 | D:2      | Learned a level 3 spell: Frozen Ramparts
  1486 | D:2      | Found Cisuta's Assorted Antiques.
  1557 | D:2      | Noticed a phantom
  1925 | D:3      | Reached skill level 1 in Maces & Flails
  1925 | D:3      | Reached XP level 4. HP: 9/36 MP: 3/9
  2176 | D:3      | Noticed an ogre
  3033 | D:3      | Killed an ogre
  3034 | D:3      | Reached XP level 5. HP: 45/45 MP: 10/10
  3038 | D:3      | Learned a level 3 spell: Ozocubu's Armour
  3749 | D:4      | Noticed Sigmund
  3763 | D:4      | Killed Sigmund
  3764 | D:4      | Reached skill level 5 in Ice Magic
  3764 | D:4      | Reached XP level 6. HP: 42/51 MP: 0/11
  3901 | D:2      | Noticed Terence
  3918 | D:2      | Killed Terence
  4383 | D:2      | Bought a dented brass amulet for 120 gold pieces
  4422 | D:4      | Found a staircase to the Ecumenical Temple.
  4448 | D:4      | Noticed Menkaure
  4717 | D:4      | Slain by Menkaure

Illustrated notes

Levels and vault maps discovered:
D:1:      dpeg_arrival_concentric_ovals, layout_basic, minmay_misc_feat_pillars,
          minivault_23
D:2:      layout_rooms, serial_shops, nicolae_shop_overgrown_old_shop,
          uniq_terence
D:3:      layout_rooms, trog_hazing_becter, mainiacjoe_overflow_tiny_flanked
D:4:      layout_basic, minmay_temple_entry_mist,
          hangedman_abyss_or_decor_stabs, uniq_menkaure, uniq_sigmund

Skill      XL: |  1  2  3  4  5 |
---------------+----------------+-----
Fighting       | 1 2 3 |  3.7
Ice Magic      | 4 5 |  5.2
Maces & Flails | 1 2 3 |  3.9
Spellcasting   | 2 |  2.0
Dodging        | |  1.7
Stealth        | |  1.7

Action                   |  1- 3 |  4- 6 || total
-------------------------+-------+-------++-------
Melee: Unarmed           |     7 |       ||     7
       Club              |     7 |       ||     7
       Mace              |     2 |    34 ||    36
       Punch             |       |     1 ||     1
 Cast: Freeze            |    66 |    55 ||   121
       Frozen Ramparts   |       |     8 ||     8
       Ozocubu's Armour  |       |     6 ||     6
Evoke: Wand              |       |     5 ||     5
  Use: Potion            |       |     1 ||     1
 Stab: Sleeping          |       |     2 ||     2
Armor: Robe              |    10 |     8 ||    18
       Skin              |       |     9 ||     9
Dodge: Dodged            |    47 |    43 ||    90
